Map: Miner Evacuation

Players

monk

  • Race: Terran Terran
  • Spawn Location: 7:00

sTkmonk

  • Race: Terran Terran
  • Spawn Location: 7:00

VOD

Have the link to the VOD?

Description

Time

  • Played on: Sept. 19, 2017, 5:12 a.m.
  • Length: 21:04
Show
View Real Time Build Order
Export as new Build Order

monk Terran 

Build Orders:  

Get SALT Encoding   

  12  0:06  SCV  
  13  0:23  SCV  
  13  0:27  Supply Depot  
  15  0:40  SCV  
  15  0:43  Refinery  
  16  1:00  SCV  
  16  1:04  Refinery  
  16  1:17  SCV  
  17  1:34  SCV  
  19  1:51  SCV  
  19  1:52  Factory  
  19  2:08  SCV  
  20  2:24  Supply Depot  
  20  2:25  SCV  
  22  2:42  SCV  
  22  2:53  Factory Tech Reactor  
  22  2:54  Starport  
  22  2:59  SCV  
  23  3:16  SCV  
  23  3:18  Supply Depot  
  24  3:23  Siege Tank  
  24  3:27  Siege Tank  
  30  3:33  SCV  
  31  3:44  Starport Tech Reactor  
  32  3:51  SCV  
  32  3:58  Supply Depot  
  32  4:08  Siege Tank, SCV  
  36  4:26  SCV  
  36  4:28  Siege Tank  
  40  4:39  Perdition Turret  
  40  4:41  Hercules  
  40  4:47  SCV  
  44  5:03  Maelstrom Rounds  
  44  5:04  SCV  
  45  5:11  Perdition Turret  
  45  5:17  Perdition Turret  
  46  5:21  SCV  
  46  5:32  Perdition Turret  
  46  5:38  SCV  
  46  5:39  Supply Depot  
  47  5:45  Perdition Turret  
  47  5:48  Perdition Turret  
  47  5:51  Perdition Turret  
  47  5:52  Perdition Turret, Refinery  
  47  5:55  Perdition Turret x2, SCV  
  48  6:04  Hercules  
  48  6:07  Perdition Turret  
  48  6:08  Refinery  
  52  6:12  SCV  
  52  6:16  Perdition Turret  
  52  6:21  Perdition Turret  
  52  6:23  Perdition Turret  
  52  6:25  Perdition Turret  
  52  6:26  Supply Depot  
  52  6:29  SCV  
  53  6:32  Perdition Turret  
  53  6:44  Perdition Turret  
  53  6:46  Perdition Turret, SCV  
  53  6:49  Perdition Turret  
  54  6:53  Perdition Turret  
  54  6:54  Perdition Turret  
  54  7:03  Command Center  
  54  7:15  SCV  
  54  7:19  Siege Tank  
  58  7:20  Siege Tank  
  61  7:39  SCV  
  62  7:45  Science Vessel x2  
  66  7:57  SCV x2  
  68  8:14  SCV x2  
  68  8:18  Improved Nano-Repair  
  71  8:31  SCV  
  71  8:37  Perdition Turret  
  71  8:43  Siege Tank  
  71  8:44  Siege Tank  
  71  8:48  SCV  
  78  8:50  Spinning Dizzy  
  78  8:51  Perdition Turret  
  78  8:54  Supply Depot  
  78  9:10  Spinning Dizzy  
  78  9:19  Armory  
  78  9:26  Supply Depot  
  78  9:27  SCV x2  
  80  9:33  Upgrade Laser Drill Level 1  
  80  9:35  Terran Vehicle and Ship Weapons Level 1  
  80  9:44  SCV x2  
  82  9:50  Perdition Turret  
  82  9:59  Siege Tank  
  85  10:00  Siege Tank  
  85  10:01  SCV x2  
  85  10:02  Supply Depot  
  87  10:18  SCV  
  88  10:26  SCV  
  89  10:34  Supply Depot  
  89  10:35  Siege Tank  
  89  10:36  Siege Tank  
  95  11:04  SCV  
  95  11:05  SCV  
  95  11:08  Supply Depot  
  95  11:09  Perdition Turret  
  91  11:12  Siege Tank x2  
  91  11:19  Factory  
  98  11:21  SCV  
  98  11:24  SCV  
  99  11:36  Perdition Turret  
  99  11:38  SCV  
  101  11:41  Supply Depot, SCV  
  101  11:42  Spinning Dizzy  
  101  11:59  Perdition Turret x2, Spinning Dizzy  
  101  12:00  Spinning Dizzy  
  101  12:01  Siege Tank x2  
  101  12:02  Perdition Turret  
  101  12:06  Perdition Turret  
  101  12:07  SCV x2  
  101  12:09  Perdition Turret  
  109  12:13  Perdition Turret  
  109  12:17  Perdition Turret  
  109  12:21  Spinning Dizzy  
  109  12:24  SCV  
  109  12:25  Science Vessel x2  
  109  12:27  Perdition Turret  
  109  12:28  Terran Vehicle and Ship Weapons Level 2  
  109  12:29  Perdition Turret  
  114  12:32  Perdition Turret  
  114  12:35  Perdition Turret  
  114  12:36  Perdition Turret  
  114  12:38  Perdition Turret  
  114  12:44  Perdition Turret x2  
  114  12:45  Factory Tech Reactor  
  114  12:47  Perdition Turret  
  114  12:51  Supply Depot  
  114  12:53  Perdition Turret x2  
  114  12:54  Upgrade Laser Drill Level 2  
  114  12:59  Perdition Turret, SCV  
  114  13:02  Perdition Turret x2  
  114  13:04  Devastation Turret  
  114  13:09  Perdition Turret x2  
  113  13:10  Perdition Turret x2  
  113  13:13  Perdition Turret x2  
  113  13:14  Perdition Turret  
  113  13:15  Hercules  
  113  13:16  Perdition Turret  
  113  13:18  Perdition Turret x2  
  116  13:21  Perdition Turret  
  116  13:23  Perdition Turret  
  116  13:27  Perdition Turret  
  116  13:29  Perdition Turret  
  114  13:30  Perdition Turret  
  114  13:33  Perdition Turret x2  
  114  13:35  Perdition Turret  
  114  13:38  Perdition Turret x2  
  114  13:39  Perdition Turret x5  
  114  13:40  Siege Tank x2  
  114  13:42  Perdition Turret x2, Goliath x2  
  114  13:43  Perdition Turret x2  
  114  13:45  Perdition Turret  
  114  13:49  Hercules  
  127  13:51  Perdition Turret  
  127  13:52  Perdition Turret x3  
  127  13:53  Perdition Turret  
  127  13:54  Perdition Turret, Hercules  
  127  13:55  Supply Depot  
  127  13:56  Perdition Turret x6  
  130  14:02  Perdition Turret x2  
  129  14:35  Goliath x4  
  137  14:42  Supply Depot  
  137  15:07  Goliath  
  140  15:11  SCV  
  140  15:15  SCV  
  141  15:28  SCV  
  142  15:41  Spinning Dizzy  
  142  15:42  Spinning Dizzy  
  142  15:43  Perdition Turret  
  142  15:45  SCV  
  143  15:56  Goliath, Siege Tank  
  143  15:57  Perdition Turret  
  149  16:00  Supply Depot, Terran Vehicle and Ship Weapons Level 3  
  149  16:02  Supply Depot, SCV  
  149  16:06  Engineering Bay, SCV  
  150  16:18  Siege Tank  
  150  16:30  Hercules x2  
  150  16:32  Goliath, Siege Tank x2  
  164  16:41  Supply Depot  
  164  16:44  Building Armor  
  164  16:57  Siege Tank  
  164  16:59  Ares-Class Targeting System  
  167  17:00  Supply Depot  
  167  17:04  Siege Tank  
  167  17:08  Goliath  
  171  17:12  Multi-Lock Weapons System  
  171  17:18  Spinning Dizzy  
  171  17:21  Perdition Turret  
  171  17:24  Perdition Turret  
  171  17:25  Spinning Dizzy  
  171  17:29  Perdition Turret  
  169  17:31  Defensive Matrix  
  169  17:32  Perdition Turret  
  169  17:44  Hi-Sec Auto Tracking  
  169  17:45  Siege Tank  
  169  17:52  Perdition Turret  
  169  17:59  Perdition Turret  
  166  18:01  Siege Tank x2  
  166  18:02  Goliath x2  
  161  18:27  Perdition Turret  
  164  18:30  Perdition Turret  
  164  18:34  Goliath, Siege Tank  
  169  18:45  Goliath x2  
  164  19:06  Goliath  
  164  19:08  Perdition Turret  
  163  19:10  Goliath, Hercules  
  163  19:17  Goliath  
  170  19:22  Goliath  
  165  19:38  Goliath  
  164  19:42  Goliath  
  164  19:49  Goliath  
  162  19:50  Siege Tank x2  
  162  19:54  Goliath  
  140  20:10  Goliath  
  140  20:14  Goliath  
Show
View Real Time Build Order
Export as new Build Order

sTkmonk Terran 

Build Orders:  

Get SALT Encoding   

Tags
 
Add a new tag
Caveats
  • Supply blocks, unpowered buildings, or Contaminate may cause inaccurate times.
  • Supply counts are checked every 10 seconds.